 Dungeon Crawl Stone Soup version 0.29.1-12-g30fa7ad0bf (webtiles) character file.

Game seed: 5067428396288608657

860 sankara the Chopper (level 7, -10/61 HPs)
             Began as a Minotaur Fighter on Jan 6, 2023.
             Was an Initiate of Gozag.
             Mangled by an ogre
             ... wielding a +0 giant club
              (13 damage)
             ... on level 5 of the Dungeon.
             The game lasted 00:10:56 (5049 turns).

sankara the Chopper (Minotaur Fighter)              Turns: 5049, Time: 00:10:57

Health: -10/61     AC: 11    Str: 20    XL:     7   Next: 71%
Magic:  0/6        EV:  8    Int:  5    God:    Gozag
Gold:   231        SH:  5    Dex: 12    Spells: 6/6 levels left

rFire   + . .      SeeInvis .   a - +0 war axe
rCold   . . .      Faith    .   c - +0 buckler
rNeg    . . .      Spirit   +   e - +0 chain mail
rPois   .          Reflect  .   (helmet restricted)
rElec   .          Harm     .   k - +0 cloak
rCorr   .          Rampage  .   (no gloves)
Will    .....                   (no boots)
Stlth   ..........              t - amulet of guardian spirit
HPRegen 0.20/turn               g - ring of protection from fire
MPRegen 0.10/turn               (no ring)

@: gold aura
A: horns 2, retaliatory headbutt
a: Renounce Religion, Potion Petition, Call Merchant, Bribe Branch


You were on level 5 of the Dungeon.
You worshipped Gozag.
Gozag was aware of your devotion.
You visited 2 branches of the dungeon, and saw 6 of its levels.

You collected 322 gold pieces.
You paid 91 gold pieces to Gozag.

Inventory:

Hand Weapons
 a - a +0 war axe (weapon)
 f - a +0 sling
 u - a +3 whip
Missiles
 b - a throwing net
 x - 4 poisoned darts (quivered)
Armour
 c - a +0 buckler (worn)
 e - a +0 chain mail (worn)
 k - a +0 cloak (worn)
Jewellery
 g - a ring of protection from fire (left hand)
 t - an amulet of guardian spirit (around neck)
 v - a ring of fire
Scrolls
 h - a scroll of enchant armour {unknown}
 j - a scroll of identify
 m - a scroll of fear
 q - a scroll of butterflies
Potions
 d - 2 potions of might
 i - a potion of cancellation
 l - 2 potions of curing
 p - 3 potions of mutation
 r - a potion of attraction {unknown}
 w - 4 potions of heal wounds {unknown}
 z - 2 potions of resistance {unknown}


   Skills:
 - Level 5.0 Fighting
 * Level 7.1 Axes
 + Level 2.2 Throwing
 + Level 5.9 Armour
 + Level 2.4 Dodging
 - Level 5.0 Shields


You had 6 spell levels left.
You didn't know any spells.
Your spell library contained the following spells:

 Spells                   Type           Power      Damage    Failure   Level
 Sandblast                Erth           0%         2d4       99%         1
 Passwall                 Tmut/Erth      0%         N/A       100%        2
 Ozocubu's Armour         Ice            0%         N/A       100%        3
 Stone Arrow              Conj/Erth      0%         3d7       100%        3
 Fulminant Prism          Conj/Hex       0%         3d6       100%        4
 Iskenderun's Mystic Bla  Conj/Tloc      0%         2d3       100%        4
 Olgreb's Toxic Radiance  Pois           0%         N/A       100%        4
 Lee's Rapid Deconstruct  Erth           0%         3d5*      100%        5
 Metabolic Englaciation   Hex/Ice        0%         N/A       100%        5
 Ozocubu's Refrigeration  Ice            0%         4d7       100%        7
 Ignition                 Fire           0%         3d3       100%        8
 Simulacrum               Ice/Necr       Unusable   N/A       N/A         6

Dungeon Overview and Level Annotations

Branches:
Dungeon (5/15)             Temple (1/1) D:5

Altars:
Ashenzari
Cheibriados
Dithmenos
Elyvilon
Gozag
Makhleb
Qazlal
Ru
Sif Muna
Vehumet
Wu Jian
Yredelemnul
The Shining One

Annotations:
D:3 1 runed translucent door, diceflayer's ghost, amateur DsHu


Innate Abilities, Weirdness & Mutations

You have a pair of horns on your head.
You reflexively headbutt those who attack you in melee.


Message History

No target in view!
No target in view!
No target in view!
No target in view!
No target in view!
No target in view!
You now have 206 gold pieces (gained 5).
You now have 220 gold pieces (gained 14).
j - a scroll of identify
Found a stone staircase leading down.
You now have 231 gold pieces (gained 11).
There is a stone staircase leading down here.
A jelly comes into view.
The jelly quivers.
An ogre comes into view. It is wielding a +0 giant club.
Found 7 stones.
The ogre shouts!
You block the jelly's attack.
There are monsters nearby!
You slash the jelly!
You kill the jelly!
You slash the ogre! Your headbutt misses the ogre.
The ogre is moderately wounded.
The ogre hits you with a +0 giant club!!
You slash the ogre!
The ogre is severely wounded.
The ogre hits you with a +0 giant club!!
You are too injured to fight recklessly!
You are too injured to fight recklessly!
You are too injured to fight recklessly!
You are too injured to fight recklessly!
You barely miss the ogre.
The ogre is heavily wounded.
The ogre hits you with a +0 giant club!!
* * * LOW HITPOINT WARNING * * *
You hit the ogre.
The ogre is severely wounded.
The ogre hits you with a +0 giant club!
You die...
Your body crumbles into a pile of gold.

##.....# ####......##
#..........# #
##.###..#..# #.##
#..####..## ###
#...####..###..######..
#....###..#...##......
#.....###.............
#..O@.##..##.......##
##....#...######....#
#...#....# ###...
##..$....# ###.
##..###.# ## #..## ..#
##. ...## ..# #.. ..##
#.# #... . (.# .# #....


You could see an ogre.

Vanquished Creatures
  An ice beast (D:5)
  An ogre (D:4)
  A bullfrog (D:5)
  2 scorpions (D:5)
  3 jellies (D:5)
  2 hounds
  An orc priest (D:3)
  An orc wizard (D:3)
  Natasha (thrice) (D:2)
  Robin (D:3)
  3 gnolls (D:2)
  6 adders
  An ufetubus (D:4)
  A worm (D:2)
  10 dart slugs
  9 orcs
  6 endoplasms
  2 giant cockroaches (D:1)
  17 goblins
  7 hobgoblins
  4 jackals (D:1)
  3 quokkas
  7 ball pythons
  6 bats
  A frilled lizard (D:3)
  3 kobolds
  7 rats
  A toadstool (D:3)
110 creatures vanquished.

Vanquished Creatures (others)
  7 fungi (D:3)
  3 toadstools (D:3)
10 creatures vanquished.

Grand Total: 120 creatures vanquished

Notes
Turn   | Place    | Note
-------+----------+-------------------------------------------
     0 | D:1      | sankara the Minotaur Fighter began the quest for the Orb.
     0 | D:1      | Reached XP level 1. HP: 19/19 MP: 0/0
   165 | D:1      | Reached XP level 2. HP: 21/27 MP: 1/1
   299 | D:1      | Reached skill level 3 in Axes
   538 | D:1      | Reached XP level 3. HP: 33/33 MP: 2/2
   938 | D:1      | Found a faded altar of an unknown god.
  1397 | D:2      | Reached XP level 4. HP: 29/40 MP: 3/3
  1550 | D:2      | Found an ornate altar of the Wu Jian Council.
  1637 | D:2      | Noticed Natasha
  1644 | D:2      | Killed Natasha
  1645 | D:2      | Reached skill level 4 in Axes
  2085 | D:2      | Noticed Natasha
  2093 | D:2      | Killed Natasha
  2218 | D:2      | Noticed Natasha
  2225 | D:2      | Killed Natasha
  2226 | D:2      | Reached XP level 5. HP: 38/47 MP: 4/4
  2519 | D:3      | Noticed Robin
  2536 | D:3      | Killed Robin
  2938 | D:3      | Reached skill level 5 in Axes
  3209 | D:4      | Reached XP level 6. HP: 49/55 MP: 5/5
  3526 | D:3      | Found a runed translucent door.
  3529 | D:3      | Noticed diceflayer's ghost (amateur DsHu)
  3610 | D:4      | Reached skill level 5 in Fighting
  3610 | D:4      | Reached skill level 5 in Armour
  3610 | D:4      | Reached skill level 5 in Shields
  3764 | D:4      | Found a broken altar of Ashenzari.
  4141 | D:5      | Entered Level 5 of the Dungeon
  4153 | D:5      | Reached skill level 6 in Axes
  4153 | D:5      | Reached skill level 1 in Throwing
  4153 | D:5      | Reached skill level 1 in Dodging
  4278 | D:5      | Reached XP level 7. HP: 49/61 MP: 3/6
  4516 | D:5      | Reached skill level 7 in Axes
  4668 | D:5      | Found a staircase to the Ecumenical Temple.
  4679 | Temple   | Entered the Ecumenical Temple
  4879 | Temple   | Became a worshipper of Gozag Ym Sagoz the Greedy
  5048 | D:5      | HP: 2/61 [ogre/+0 giant club (20)]
  5049 | D:5      | Mangled by an ogre

Illustrated notes

Levels and vault maps discovered:
D:1:      nzn_arrival_crosshair, layout_basic,
          dilly_ecumenical_altar_fadedgnrine
D:2:      layout_loops_ring, basic_altar, nicolae_figureground_sparkle,
          uniq_natasha
D:3:      layout_basic, ebering_ghost_sewer_d, minmay_gold_behind_fungi,
          uniq_robin
D:4:      kennysheep_slugbush, layout_rooms, nicolae_ashenzari_skybound
D:5:      layout_cave_pods, minmay_temple_entry_statues
Temple:   bh_familiar_temple

Skill      XL: |  1  2  3  4  5  6  7 |
---------------+----------------------+-----
Axes           | 3 4 5 6 7 |  7.1
Armour         | 4 5 |  5.9
Shields        | 4 5 |  5.0
Fighting       | 4 5 |  5.0
Throwing       | 1 2 |  2.2
Dodging        | 1 2 |  2.4

Action                   |  1- 3 |  4- 6 |  7- 9 || total
-------------------------+-------+-------+-------++-------
Melee: War axe           |    63 |   144 |    26 ||   233
       Headbutt          |     9 |    19 |     7 ||    35
  Use: Scroll            |       |     1 |    11 ||    12
Armor: Chain mail        |    40 |    92 |    13 ||   145
Dodge: Dodged            |    20 |    45 |     9 ||    74
Block: Buckler           |    17 |    42 |     4 ||    63
